 Dungeon Crawl Stone Soup version 0.30-a0-1161-g0704695555 (webtiles) character file.

Game seed: 9705945126714154402

45 zazu2006 the Magician (level 3, -2/28 HPs)
             Began as a Naga Hedge Wizard on Apr 27, 2023.
             Shot with a sling bullet by a hobgoblin (6 damage)
             ... led by Robin
             ... on level 2 of the Dungeon.
             The game lasted 00:02:39 (1454 turns).

zazu2006 the Magician (Naga Hedge Wizard)           Turns: 1454, Time: 00:02:39

Health: -2/28      AC:  3    Str: 12    XL:     3   Next: 64%
Magic:  8/8        EV: 10    Int: 16    God:
Gold:   87         SH:  0    Dex: 10    Spells: 3/9 levels left

rFire   . . .        k - +1 short sword (drain)
rCold   . . .        (no shield)
rNeg    . . .        b - +0 robe
rPois   +            l - +0 helmet
rElec   .            (no cloak)
rCorr   .            (no gloves)
SInv    +            (no barding)
Will    .....        (no amulet)
Stlth   ++           (no ring)
HPRegen 0.24/turn    (no ring)
MPRegen 0.11/turn

%: no passive effects
@: very slow
A: AC +1, large, see invisible, deformed body, poison resistance, slowness 2,
spit poison 1, naga tail 1
a: Spit Poison


You were on level 2 of the Dungeon.
You visited 1 branch of the dungeon, and saw 2 of its levels.

You collected 87 gold pieces.

Inventory:

Hand Weapons
 k - a +1 short sword of draining (weapon)
Armour
 b - a +0 robe (worn)
 l - a +0 helmet (worn)
Jewellery
 a - a ring of protection from fire
Scrolls
 c - a scroll of fog {unknown}
 e - 5 scrolls of teleportation {unknown}
 f - 3 scrolls of identify {unknown}
 g - a scroll of magic mapping {unknown}
 i - a scroll of immolation {unknown}
 j - a scroll of poison {unknown}


   Skills:
 + Level 1.9 Dodging
 + Level 3.5 Stealth
 + Level 3.9 Spellcasting
 + Level 1.0 Conjurations
 + Level 1.0 Summonings
 + Level 1.0 Translocations


You had 3 spell levels left.
You knew the following spells:

 Your Spells              Type           Power      Damage    Failure   Level
a - Magic Dart            Conj           24%        1d4       11%         1
b - Mephitic Cloud        Conj/Pois/Air  4%         N/A       41%         3
d - Blink                 Tloc           12%        N/A       17%         2

Your spell library contained the following spells:

 Spells                   Type           Power      Damage    Failure   Level
 Slow                     Hex            12%        N/A       17%         1
 Call Imp                 Summ           12%        N/A       17%         2
 Cigotuvi's Dreadful Rot  Necr/Pois/Air  6%         N/A       26%         2


Dungeon Overview and Level Annotations

Branches:
Dungeon (2/15)

Altars:

Annotations:
D:2 Robin


Innate Abilities, Weirdness & Mutations

Your serpentine skin is tough. (AC +1)
You have supernaturally acute eyesight. (SInv)
Armour fits poorly on your strangely shaped body.
Your system is resistant to poisons. (rPois)
You cover ground very slowly.
You can spit poison.
You have a snake-like lower body.


Message History

Confirm with . or Enter, or press ? or * to list all spells.
The spell is extremely dangerous to miscast (41% risk of failure)!
Continue anyway?
Aiming: Mephitic Cloud (extremely dangerous; 41% risk of failure)
Press: ? - help, Shift-Dir - straight line, f - Robin
Aim: Robin, wielding a +2 spectral club, wearing a +0 animal skin and wearing a +2 helmet (chance to affect: 91%)
You miscast Mephitic Cloud.
You are very lightly contaminated with residual magic.
Nothing appears to happen.
Robin flexes a bicep menacingly.
You closely miss Robin. Robin hits you but does no damage.
The +2 spectral club hits you.
A +2 spectral club comes into view.
You hit Robin but do no damage. The +2 spectral club hits you. x2
Robin says, "Duck!"
Robin roars a battlecry!
A goblin comes into view. It is wielding a +0 dagger.
The +2 spectral club hits you.
The goblin shouts! x2; You hear a shout! x2
You barely miss Robin.
The +2 spectral club disappears.
Robin barely misses you.
The +2 spectral club closely misses you.
A hobgoblin comes into view. It is wielding a +0 sling.
A +2 spectral club comes into view.
Casting: Mephitic Cloud (extremely dangerous; 41% risk of failure)
Confirm with . or Enter, or press ? or * to list all spells.
You blink.
The hobgoblin shoots a sling bullet.
The sling bullet hits you.
* * * LOW HITPOINT WARNING * * *
You hear a shout!
The +2 spectral club disappears.
The hobgoblin shoots a sling bullet.
The sling bullet hits you.
* * * LOW HITPOINT WARNING * * *
Robin roars a battlecry!
The hobgoblin goes into a battle-frenzy!
The hobgoblin shoots a sling bullet.
The sling bullet misses you.
Your magical contamination has completely faded away.
Okay, then.
Magic courses through your body.
You feel stable enough to blink again.
The hobgoblin shoots a sling bullet.
The sling bullet hits you.
You die...

#...##.#
###.g.##g#
#........#
#......g.#
###.......##
#......g###
### #.###...#
##.. ##.##
##.#. #@#
#.... #.#
#..#. #.#
#.#.. #.#
#.##. #.#
#.##. #.#####
#.##. #.....#
#.### #####.#
#.#..
#.########.#.#


You could see Robin, a hobgoblin (strong) and 2 goblins.

Vanquished Creatures
  An adder (D:2)
  A dart slug (D:1)
  3 endoplasms
  2 giant cockroaches (D:1)
  4 goblins
  2 hobgoblins (D:2)
  2 quokkas (D:2)
  3 ball pythons
  5 bats
  A frilled lizard (D:1)
  5 kobolds
  3 rats (D:1)
32 creatures vanquished.

Notes
Turn   | Place    | Note
-------+----------+-------------------------------------------
     0 | D:1      | zazu2006 the Naga Hedge Wizard began the quest for the Orb.
     0 | D:1      | Reached XP level 1. HP: 15/15 MP: 4/4
   187 | D:1      | Reached XP level 2. HP: 22/22 MP: 4/6
  1122 | D:2      | Reached XP level 3. HP: 28/28 MP: 1/8
  1135 | D:2      | Learned a level 3 spell: Mephitic Cloud
  1138 | D:2      | Learned a level 2 spell: Blink
  1435 | D:2      | Noticed Robin
  1454 | D:2      | Shot with a sling bullet by a hobgoblin

Illustrated notes

Levels and vault maps discovered:
D:1:      psy_arrival_conway, layout_loops_ring, wad_floor_pattern_untrapped,
          kennysheep_pointless_box, item_on_display_a
D:2:      layout_loops_ring, basic_altar, hex_tiny, minmay_misc_feat_diagonals,
          uniq_robin

Action                     || total
---------------------------++-------
  Melee: Dagger            ||     4
         Short sword       ||    26
   Cast: Magic Dart        ||    49
         Blink             ||     1
Ability: Spit Poison       ||     5
    Use: Potion            ||     3
   Stab: Sleeping          ||     1
 Armour: Robe              ||    13
  Dodge: Dodged            ||    30

Table legend: (Time is in decaauts)
 A = Elapsed time spent in this place.
 B = Non-inter-level travel time spent in this place.
 C = Inter-level travel time spent in this place.
 D = Time resting spent in this place.
 E = Time spent auto-exploring this place.
 F = Levels seen in this place.
 G = Mean time per level.
                   A        B        C        D        E       F      G
               +--------+--------+--------+--------+--------+-----+--------+
         Total |   1801 |   1755 |     46 |     30 |   1509 |   2 |  900.5 |
       Dungeon |   1801 |   1755 |     46 |     30 |   1509 |   2 |  900.5 |
               +--------+--------+--------+--------+--------+-----+--------+

Top non-repeatable levels by time:
     D:1: 1380 daAuts
     D:2: 421 daAuts
